 Dungeon Crawl Stone Soup version 0.27.1 (webtiles) character file.

Game seed: 4644570257060491704

37 Malachi the Skirmisher (level 3, 34/34 HPs)
             Began as a Naga Fighter on Aug 21, 2021.
             Got out of the dungeon alive.
             The game lasted 00:01:01 (1401 turns).

Malachi the Skirmisher (Naga Fighter)               Turns: 1401, Time: 00:01:02

Health: 34/34      AC:  4    Str: 18    XL:     3   Next: 41%
Magic:  3/3        EV:  5    Int:  9    God:
Gold:   35         SH:  8    Dex: 10    Spells: 2/2 levels left

rFire    . . .     SeeInvis +   a - +0 flail
rCold    . . .     Faith    .   c - +0 kite shield
rNeg     . . .     Spirit   .   b - +0 scale mail
rPois    +         Reflect  .   (no helmet)
rElec    .         Harm     .   (no cloak)
rCorr    .         Rampage  .   (no gloves)
Will     .....                  (no barding)
Stlth    ..........             (no amulet)
HPRegen  0.11/turn              (no ring)
MPRegen  0.08/turn              (no ring)

@: very slow
A: AC +1, large, see invisible, deformed body, poison resistance, slowness 2,
spit poison 1, naga tail 1
a: Spit Poison


You escaped.
You visited 1 branch of the dungeon, and saw 2 of its levels.

You collected 35 gold pieces.

Inventory:

Hand Weapons
 a - a +0 flail (weapon)
Armour
 b - a +0 scale mail (worn)
 c - a +0 kite shield (worn)
Scrolls
 e - a scroll of fear {unknown}
 g - a scroll of amnesia {unknown}
Potions
 d - a potion of might
 f - a potion of flight {unknown}


   Skills:
 + Level 3.1 Fighting
 + Level 2.6 Maces & Flails
 + Level 2.7 Armour
 + Level 0.1 Dodging
 + Level 2.7 Shields


You had 2 spell levels left.
You didn't know any spells.
Your spell library was empty.

Dungeon Overview and Level Annotations

Branches:
Dungeon (2/15)

Altars:


Innate Abilities, Weirdness & Mutations

Your serpentine skin is tough. (AC +1)
You have supernaturally acute eyesight. (SInv)
Armour fits poorly on your strangely shaped body.
Your system is resistant to poisons. (rPois)
You cover ground very slowly.
You can spit poison.
You have a snake-like lower body.


Message History

No target in view!
No target in view!
Done exploring.
Done exploring.
Done exploring.
You see here a +0 dagger.
There is a staircase leading out of the dungeon here.
Done exploring.
Done exploring.
There is a stone staircase leading down here.
You climb downwards.
There is a stone staircase leading up here.
A rat comes into view.
The rat moves out of view.
There is a stone staircase leading up here.
A rat is nearby!
A rat is nearby!
A rat is nearby!
A rat is nearby!
The rat bites you but does no damage.
You thump the rat!
You kill the rat!
No target in view!
No target in view!
An endoplasm comes into view.
The endoplasm quivers.
An endoplasm is nearby!
An endoplasm is nearby!
An endoplasm is nearby!
You thump the endoplasm!
You kill the endoplasm!
No target in view!
No target in view!
There is a stone staircase leading up here.
You climb upwards.
There is a stone staircase leading down here.
You see here a +0 dagger.
There is a staircase leading out of the dungeon here.
Are you sure you want to leave the Dungeon?
This will make you lose the game!
You have escaped!

#.# ##.##.##
##. #†#
##.##.## #.#
#.# #.####.##
##. #.#
##.####.## ##
#.##
##.####.# #
#..# ##.##.##
# ####..#
##.##.## ##
#.....#
#.####.#
#####.
#.#...# ##@#
### #.....
#...#.# ###
#>###.
##.##.# #.#
## #.##.# ###
#.# #. #.##.#
#.# #.# #.
#.##.# #.#
#.# #. #.##.#
#.# #.# #.
#.##.#####.##
#.# #.
#.##........#
#######.###.


There were no monsters in sight!

Vanquished Creatures
  A dart slug (D:1)
  An endoplasm (D:2)
  2 giant cockroaches (D:1)
  4 goblins (D:1)
  3 hobgoblins (D:1)
  3 jackals (D:1)
  A quokka (D:1)
  2 ball pythons (D:1)
  6 bats (D:1)
  3 frilled lizards (D:1)
  2 kobolds (D:1)
  3 rats
31 creatures vanquished.

Notes
Turn   | Place    | Note
-------+----------+-------------------------------------------
     0 | D:1      | Malachi the Naga Fighter began the quest for the Orb.
     0 | D:1      | Reached XP level 1. HP: 21/21 MP: 1/1
    84 | D:1      | Reached XP level 2. HP: 21/28 MP: 2/2
   574 | D:1      | Reached XP level 3. HP: 34/34 MP: 3/3
  1401 | D:$      | Got out of the dungeon alive.

Illustrated notes

Levels and vault maps discovered:
D:1:      nagdon_arrival_zigzag_paths, layout_loops_ring
D:2:      layout_loops_cross, minmay_heptomino_o4

Action                   || total
-------------------------++-------
Melee: Flail             ||   100
Armor: Scale mail        ||    66
Dodge: Dodged            ||    35
Block: Kite shield       ||    66
